Map: Babylon LE

Players

NORTHAMERICA - Winner!

  • Race: Protoss Protoss
  • League: Grandmaster
  • Spawn Location: 11:00

HonMonO

  • Race: Terran Terran
  • League: Grandmaster
  • Spawn Location: 5:00

VOD

Have the link to the VOD?

Description

Time

  • Played on: Feb. 3, 2023, 7:54 a.m.
  • Length: 21:12
Show
View Real Time Build Order
Export as new Build Order

NORTHAMERICA Protoss - Winner!

Build Orders: 1 Gate Expand, Zealot Archon, Colossus Rush, Dark Templar Rush 

Get SALT Encoding   

  12  0:00  Probe  
  13  0:12  Probe  
  14  0:18  Pylon  
  14  0:25  Probe  
  15  0:37  Gateway, Probe (Chrono Boost)  
  16  0:47  Assimilator  
  16  0:48  Probe (Chrono Boost)  
  17  0:53  Probe (Chrono Boost)  
  18  1:03  Probe  
  19  1:20  Nexus  
  19  1:30  Cybernetics Core  
  19  1:34  Probe  
  20  1:41  Assimilator  
  20  1:46  Probe  
  21  1:50  Pylon  
  21  1:58  Probe (Chrono Boost)  
  22  2:06  Adept (Chrono Boost)  
  22  2:07  Probe (Chrono Boost)  
  23  2:12  Probe (Chrono Boost), Warp Gate  
  26  2:24  Probe  
  26  2:28  Stalker  
  29  2:35  Twilight Council  
  30  2:39  Probe (Chrono Boost)  
  30  2:40  Probe (Chrono Boost)  
  33  2:52  Probe (Chrono Boost)  
  33  2:53  Probe (Chrono Boost)  
  33  2:56  Probe (Chrono Boost)  
  34  3:01  Probe  
  34  3:04  Robotics Facility  
  35  3:07  Probe (Chrono Boost)  
  36  3:15  Dark Shrine  
  36  3:17  Probe (Chrono Boost)  
  36  3:19  Probe (Chrono Boost)  
  39  3:27  Probe (Chrono Boost)  
  39  3:28  Probe (Chrono Boost)  
  39  3:29  Gateway  
  40  3:34  Gateway  
  40  3:37  Probe  
  41  3:42  Shield Battery, Pylon  
  41  3:43  Probe  
  42  3:50  Warp Prism (Chrono Boost)  
  44  3:57  Assimilator  
  44  3:59  Assimilator  
  44  4:00  Probe  
  44  4:02  Probe  
  46  4:09  Pylon  
  46  4:12  Stalker  
  46  4:13  Probe  
  46  4:16  Probe  
  50  4:18  Observer (Chrono Boost)  
  51  4:25  Probe  
  51  4:28  Probe  
  53  4:37  Pylon, Probe  
  54  4:42  Dark Templar x2  
  54  4:43  Dark Templar  
  60  4:46  Probe  
  60  4:52  Pylon  
  61  4:54  Robotics Bay  
  61  4:55  Probe  
  61  4:57  Forge  
  62  5:11  Probe  
  63  5:18  Probe  
  64  5:25  Nexus, Probe  
  64  5:26  Pylon  
  63  5:30  Probe  
  64  5:39  Colossus (Chrono Boost)  
  64  5:40  Probe  
  71  5:43  Charge  
  71  5:44  Protoss Ground Weapons Level 1, Gateway  
  71  5:45  Gateway  
  71  5:49  Extended Thermal Lance  
  71  5:55  Probe  
  71  5:57  Pylon, Sentry x2  
  74  5:59  Probe  
  77  6:04  Gateway  
  77  6:07  Probe  
  78  6:11  Probe  
  78  6:17  Colossus (Chrono Boost)  
  79  6:21  Pylon  
  79  6:22  Probe  
  86  6:29  Shield Battery  
  86  6:30  Probe  
  87  6:35  Dark Templar, Probe (Chrono Boost)  
  87  6:38  Sentry  
  92  6:42  Gateway  
  92  6:43  Probe (Chrono Boost)  
  92  6:44  Forge  
  95  6:47  Dark Templar  
  95  6:49  Probe (Chrono Boost)  
  95  6:50  Archon  
  95  6:51  Archon  
  95  6:52  Probe (Chrono Boost)  
  95  6:53  Probe (Chrono Boost)  
  98  6:58  Pylon, Probe  
  98  7:00  Probe  
  100  7:01  Assimilator  
  100  7:04  Colossus (Chrono Boost)  
  100  7:06  Assimilator  
  106  7:09  Zealot x2  
  106  7:11  Zealot  
  106  7:12  Observer  
  106  7:15  Probe  
  113  7:20  Zealot x2  
  117  7:28  Probe  
  117  7:29  Pylon  
  118  7:32  Protoss Ground Armor Level 1 (Chrono Boost)  
  118  7:34  Zealot  
  118  7:35  Pylon, Zealot  
  118  7:36  Probe  
  123  7:38  Probe  
  123  7:40  Protoss Ground Weapons Level 2 (Chrono Boost)  
  124  7:45  Nexus  
  124  7:47  Blink  
  124  7:49  Observer  
  124  7:54  Disruptor (Chrono Boost)  
  127  8:01  Probe  
  127  8:03  Robotics Facility  
  128  8:07  Dark Templar  
  128  8:08  Dark Templar  
  128  8:09  Probe  
  133  8:14  Probe  
  133  8:16  Archon, Zealot x3  
  140  8:22  Pylon x2  
  140  8:23  Probe  
  141  8:34  Shield Battery, Photon Cannon  
  141  8:35  Photon Cannon  
  141  8:40  Probe x3  
  147  8:44  Templar Archives  
  147  8:46  Disruptor (Chrono Boost)  
  147  8:47  Disruptor (Chrono Boost)  
  147  8:54  Probe  
  151  8:56  Pylon  
  151  8:57  Probe  
  152  9:06  Dark Templar  
  152  9:07  Dark Templar  
  152  9:09  Zealot  
  158  9:10  Stalker x2  
  158  9:12  Archon, Pylon  
  158  9:14  Pylon, Disruptor  
  165  9:22  Gateway, Probe  
  165  9:23  Gateway  
  166  9:28  Photon Cannon  
  166  9:32  Probe  
  166  9:34  Probe  
  162  9:38  Assimilator  
  162  9:39  Stalker  
  162  9:40  Stalker x3  
  162  9:43  Dark Templar  
  171  9:54  Zealot x2  
  165  10:05  Zealot x4  
  166  10:07  Probe  
  149  10:17  Dark Templar x2  
  149  10:18  Zealot x2  
  151  10:25  Zealot x3  
  151  10:26  Zealot x2  
  151  10:27  Probe  
  151  10:28  Probe  
  145  10:31  Colossus (Chrono Boost)  
  149  10:39  Stalker x2  
  145  10:46  Dark Templar x4  
  114  10:57  Zealot x2  
  108  11:07  Probe x2  
  108  11:10  Colossus (Chrono Boost)  
  96  11:11  Stalker x2  
  96  11:16  Probe  
  107  11:18  Forge  
  107  11:20  Forge, Stalker x3  
  107  11:21  Zealot  
  107  11:22  Zealot x2  
  119  11:25  Assimilator  
  115  11:35  Zealot x2  
  115  11:37  Colossus (Chrono Boost)  
  123  11:48  Archon  
  123  11:50  Pylon, Zealot x5  
  123  11:53  Pylon  
  131  11:55  Archon  
  131  11:56  Nexus  
  131  11:57  Stalker x2  
  115  12:01  Zealot  
  108  12:13  Dark Templar x2  
  108  12:15  Disruptor (Chrono Boost)  
  115  12:22  Archon  
  115  12:23  Zealot x3, Dark Templar  
  115  12:24  Zealot x2  
  115  12:27  Archon  
  127  12:35  Observer (Chrono Boost)  
  128  12:37  Pylon  
  128  12:39  Disruptor (Chrono Boost)  
  128  12:44  Protoss Ground Weapons Level 3  
  131  12:45  Zealot x2  
  131  12:46  Zealot x5  
  145  12:52  Warp Prism (Chrono Boost)  
  145  12:53  Protoss Ground Armor Level 2  
  147  13:05  Zealot x2  
  151  13:12  Probe  
  152  13:17  Shield Battery, Dark Templar  
  152  13:23  Stalker x3  
  158  13:27  Zealot x2  
  158  13:29  Disruptor (Chrono Boost)  
  165  13:38  Disruptor (Chrono Boost)  
  164  13:49  Dark Templar  
  164  13:52  Zealot x4  
  164  13:53  Zealot x4  
  182  13:58  Disruptor (Chrono Boost)  
  150  14:12  Disruptor (Chrono Boost)  
  150  14:14  Zealot x6  
  150  14:15  Zealot  
  115  14:31  Zealot x2, Colossus (Chrono Boost)  
  86  14:38  Dark Templar x5  
  102  14:42  Archon x2  
  102  14:43  Zealot x2  
  108  14:53  Stalker x2  
  110  15:04  Zealot, Immortal (Chrono Boost)  
  110  15:05  Zealot  
  113  15:12  Zealot x4  
  113  15:13  Zealot  
  111  15:19  Zealot x2  
  101  15:21  Colossus (Chrono Boost)  
  107  15:30  High Templar x2  
  107  15:34  Archon  
  107  15:35  High Templar x2  
  115  15:38  Stalker x3  
  115  15:40  Archon  
  121  15:45  Zealot x2  
  128  15:58  Disruptor (Chrono Boost)  
  128  16:01  Stalker x3  
  128  16:02  Disruptor (Chrono Boost)  
  137  16:10  Zealot x4  
  141  16:13  Sentry  
  143  16:25  Disruptor (Chrono Boost)  
  143  16:26  Assimilator  
  152  16:32  Colossus (Chrono Boost)  
  152  16:36  Zealot x3  
  158  16:43  High Templar x2  
  162  16:47  Archon  
  162  16:50  Stalker x3  
  162  16:51  Zealot  
  168  17:05  Zealot x3  
  174  17:10  Observer  
  174  17:12  Zealot  
  174  17:14  Zealot  
  174  17:15  Zealot, Disruptor  
  184  17:19  High Templar x2  
  188  17:24  Archon  
  188  17:25  Stalker x2  
  190  17:33  Disruptor  
  191  17:40  Dark Templar  
  187  17:49  Protoss Ground Armor Level 3 (Chrono Boost)  
  181  17:58  Dark Templar  
  183  18:06  Dark Templar  
  183  18:10  Pylon, Nexus  
  151  18:25  Zealot x5  
  151  18:26  Zealot x2  
  163  18:32  Disruptor  
  135  18:55  Dark Templar x4  
  131  18:56  Dark Templar  
  131  19:00  Archon  
  131  19:01  Archon  
  131  19:02  High Templar, Zealot x2  
  139  19:04  Probe  
  139  19:08  Archon  
  144  19:13  Stalker  
  146  19:18  Observer  
  146  19:23  Dark Templar  
  149  19:27  Zealot x3  
  135  19:46  Stalker x6  
  135  19:52  Zealot x2  
  139  20:14  Zealot x2  
  139  20:15  Zealot x7  
  139  20:18  Disruptor  
  158  20:23  Disruptor  
  161  20:35  Zealot x5  
  171  20:43  Dark Templar x2  
  173  20:55  Dark Templar x3  
  178  20:59  Zealot x2  
  178  21:02  Zealot  
  174  21:08  Dark Templar  
Show
View Real Time Build Order
Export as new Build Order

HonMonO Terran 

Build Orders:  

Get SALT Encoding   

  12  0:01  SCV  
  13  0:13  SCV  
  14  0:17  Supply Depot  
  14  0:25  SCV  
  15  0:38  SCV  
  15  0:40  Barracks  
  16  0:43  Refinery  
  16  0:51  SCV  
  17  1:03  SCV  
  18  1:15  SCV  
  19  1:27  Marine, Orbital Command  
  20  1:40  Command Center  
  20  1:47  Barracks Reactor  
  20  1:50  Supply Depot  
  20  1:54  SCV  
  21  2:06  SCV  
  22  2:13  Factory  
  22  2:18  SCV  
  23  2:22  Marine  
  23  2:23  Marine  
  25  2:30  SCV  
  25  2:34  Barracks  
  26  2:40  Marine x2  
  26  2:42  SCV  
  29  2:46  Barracks  
  29  2:53  Orbital Command  
  29  2:54  SCV  
  30  3:06  SCV  
  30  3:09  Widow Mine, Hellion  
  30  3:10  Barracks Tech Lab  
  35  3:18  SCV  
  35  3:19  SCV, Refinery  
  37  3:23  Barracks Tech Lab  
  37  3:24  Supply Depot  
  37  3:30  SCV  
  37  3:31  SCV  
  39  3:43  SCV x2  
  39  3:46  Stimpack, Barracks Reactor  
  41  3:49  Supply Depot  
  41  3:55  SCV x2  
  43  3:57  Siege Tank  
  43  3:59  Marine x2  
  43  4:00  Marine  
  49  4:07  SCV  
  49  4:08  SCV  
  51  4:13  Supply Depot  
  51  4:18  Marine x3  
  51  4:19  SCV  
  51  4:20  SCV  
  56  4:24  Marine x2  
  58  4:31  Command Center  
  58  4:32  Siege Tank  
  58  4:34  SCV  
  58  4:35  SCV  
  63  4:38  Marine x2  
  63  4:44  Marine x2  
  67  4:46  SCV  
  67  4:47  Engineering Bay  
  67  4:48  Supply Depot  
  67  4:49  SCV  
  67  4:52  Marine  
  70  4:58  Supply Depot  
  70  5:02  Marine  
  70  5:06  Marine x2  
  70  5:08  Marine  
  70  5:11  Marine  
  70  5:20  Marine  
  70  5:23  Marine  
  70  5:25  Missile Turret  
  70  5:28  Marine  
  72  5:33  Marine  
  70  5:36  Marine  
  70  5:39  SCV x2  
  73  5:43  Orbital Command  
  73  5:45  Combat Shield  
  73  5:46  Missile Turret  
  73  5:51  SCV  
  73  5:52  SCV  
  73  5:56  Terran Infantry Weapons Level 1  
  75  6:07  SCV x2  
  75  6:08  Refinery  
  75  6:10  Refinery  
  75  6:21  SCV, Refinery  
  75  6:22  SCV x2  
  78  6:27  Starport  
  78  6:33  SCV  
  78  6:36  Siege Tank  
  78  6:37  Marine x4  
  86  6:40  SCV  
  86  6:41  SCV, Supply Depot  
  86  6:43  Marine  
  90  6:47  SCV  
  88  6:54  SCV  
  89  7:01  Ghost Academy  
  89  7:03  Barracks  
  89  7:05  Barracks  
  89  7:06  Missile Turret  
  89  7:12  Orbital Command, SCV  
  89  7:14  SCV  
  91  7:17  Factory Reactor  
  91  7:18  Medivac x2, Marauder x2  
  91  7:21  Marine x2  
  101  7:24  SCV  
  101  7:26  Missile Turret  
  101  7:28  SCV  
  101  7:29  Concussive Shells  
  103  7:36  SCV, Missile Turret x2  
  104  7:39  Marauder, SCV  
  104  7:40  Ghost  
  109  7:50  Barracks Tech Lab  
  109  7:52  Barracks Reactor  
  109  7:56  Missile Turret  
  109  8:02  Terran Infantry Armor Level 1  
  109  8:03  Missile Turret  
  109  8:04  Supply Depot, Missile Turret  
  109  8:06  Refinery  
  109  8:07  Refinery  
  109  8:09  Missile Turret  
  109  8:25  Marine x3, Ghost, SCV x3  
  117  8:33  Marine  
  117  8:34  Marauder, Widow Mine x2  
  124  8:37  SCV  
  125  8:42  Supply Depot  
  125  8:43  Armory  
  125  8:44  Ghost, Supply Depot x2  
  125  8:45  Marine x3  
  130  8:53  Marine  
  130  8:54  Marauder  
  130  8:55  Barracks x2  
  133  8:59  Barracks  
  133  9:00  Sensor Tower  
  133  9:03  Marine, SCV x3  
  133  9:04  Widow Mine x2  
  133  9:05  Medivac x2  
  145  9:10  Marine x2  
  145  9:14  Supply Depot  
  145  9:15  Marauder  
  149  9:27  SCV  
  149  9:29  SCV, Command Center  
  149  9:31  SCV  
  152  9:37  Marine x2, Marauder  
  152  9:38  Marauder  
  157  9:40  SCV  
  157  9:42  Marine, Marauder  
  157  9:44  Marine  
  162  9:48  Marine  
  162  9:50  Marine  
  164  9:54  Marine  
  164  9:58  Marine  
  164  9:59  Marine  
  164  10:00  Marine, Marauder  
  164  10:03  Marauder  
  162  10:08  Marine, Marauder  
  162  10:09  Marine  
  162  10:10  Marine  
  162  10:12  Marine  
  160  10:15  Marine  
  160  10:17  Marine  
  160  10:18  Marine  
  160  10:21  Marine  
  156  10:24  Marauder  
  156  10:25  Marine  
  156  10:27  Marine  
  156  10:28  Marine  
  147  10:29  Marauder  
  147  10:30  Marine  
  147  10:33  Marine  
  147  10:35  Marine  
  153  10:36  Marine  
  153  10:37  Medivac  
  153  10:38  Medivac  
  153  10:39  Marauder  
  152  10:43  Marine  
  152  10:45  Marine, Marauder  
  152  10:46  Marine  
  152  10:48  Marine  
  148  10:51  Marine, Marauder  
  148  10:52  Marine  
  148  10:53  Marine  
  117  11:00  Marine  
  117  11:01  Marine  
  117  11:02  Marine  
  117  11:03  Orbital Command  
  117  11:04  Marine  
  105  11:06  Marine x2  
  105  11:09  Marine  
  105  11:10  Marine, Medivac x2  
  110  11:11  Marine  
  110  11:12  Marine  
  110  11:15  SCV x2  
  110  11:18  Marine  
  115  11:19  Marine  
  115  11:20  Marine  
  115  11:25  Marauder  
  119  11:27  SCV x2  
  119  11:30  Marauder  
  119  11:32  SCV  
  122  11:39  SCV x2  
  120  11:40  Missile Turret  
  120  11:42  Widow Mine x2  
  120  11:44  Marine, SCV  
  126  11:51  SCV x2  
  126  11:52  Marine  
  127  11:56  SCV  
  117  12:03  SCV  
  117  12:04  SCV  
  110  12:08  SCV  
  110  12:09  Marine x2, Marauder  
  115  12:15  SCV  
  115  12:16  SCV  
  115  12:18  Viking x2  
  115  12:20  SCV, Widow Mine  
  124  12:26  Terran Infantry Weapons Level 2  
  124  12:28  Ghost, SCV  
  127  12:30  SCV  
  127  12:35  Ghost  
  130  12:46  Ghost  
  130  12:48  Orbital Command  
  130  12:49  Viking x2  
  136  12:56  Sensor Tower  
  136  12:57  Marine, Marauder  
  139  12:59  Marine  
  139  13:02  Marine  
  141  13:06  Marauder  
  141  13:07  Marine  
  144  13:18  Marine, Missile Turret  
  144  13:19  Marine, Marauder, Missile Turret  
  148  13:25  Viking  
  150  13:27  Viking  
  150  13:30  Marine x2  
  150  13:33  Ghost  
  156  13:35  Marine  
  156  13:37  Marine  
  156  13:38  Marine  
  156  13:39  Marine  
  160  13:44  Marine  
  160  13:46  Marine  
  160  13:47  Marauder  
  160  13:48  Marine  
  164  13:49  Marine  
  164  13:53  Marine  
  164  13:54  Marine  
  165  14:01  Marine x2  
  165  14:02  Marine  
  165  14:04  Marine, Marauder  
  165  14:06  Marine  
  165  14:07  Marine x2  
  158  14:11  Marine  
  158  14:12  Marine  
  158  14:16  SCV  
  134  14:19  Marine x2  
  134  14:20  Marine  
  134  14:22  Marine  
  134  14:23  Marine  
  113  14:25  Marine x3  
  113  14:28  Marine  
  113  14:30  Marine, SCV  
  106  14:34  SCV  
  106  14:37  Marine x3  
  110  14:39  SCV  
  110  14:40  Marine  
  110  14:41  Marine  
  110  14:43  SCV  
  110  14:44  Marine x2  
  110  14:45  Marine  
  116  14:47  Marine  
  116  14:50  Marine  
  119  14:55  Marine x2  
  119  14:58  Marine  
  119  14:59  Marine  
  123  15:00  Marine  
  123  15:01  Marine  
  123  15:02  SCV  
  123  15:05  Marine  
  123  15:06  Marine  
  126  15:09  Marine  
  126  15:11  Marine  
  126  15:13  Marine x2  
  119  15:14  SCV  
  119  15:18  Marine x2  
  119  15:19  Marine  
  111  15:25  Ghost  
  111  15:27  SCV  
  114  15:29  SCV  
  114  15:35  SCV  
  116  15:39  SCV  
  117  15:42  Terran Infantry Weapons Level 3  
  117  15:47  Viking  
  119  15:50  Viking  
  119  15:55  Widow Mine  
  119  15:56  Widow Mine  
  125  16:01  Marauder x2  
  125  16:02  Marauder  
  125  16:03  Barracks Tech Lab  
  131  16:17  Viking, Widow Mine  
  135  16:20  Viking  
  135  16:22  Marauder x2  
  135  16:23  Marine x2  
  135  16:24  Command Center  
  143  16:33  Widow Mine  
  143  16:38  Marine, Widow Mine  
  143  16:39  Marine x2, Marauder x2  
  154  16:41  SCV x3  
  154  16:42  Refinery  
  157  16:53  SCV x3  
  160  16:54  Marine  
  160  16:55  Marine, Marauder  
  160  17:00  Viking  
  165  17:07  Supply Depot  
  165  17:22  Refinery  
  165  17:23  Refinery  
  165  17:28  Marine x2, SCV x2, Ghost, Viking  
  173  17:36  Marauder x3  
  179  17:38  Marine  
  180  17:49  Missile Turret  
  176  17:56  Medivac, Ghost  
  180  18:02  Marauder x2  
  180  18:03  SCV x2  
  180  18:04  SCV  
  180  18:05  Refinery  
  187  18:14  Marauder  
  187  18:16  Marine  
  187  18:18  Marine  
  158  18:20  Marine  
  158  18:25  Marine  
  158  18:26  Marine  
  152  18:29  Marine  
  152  18:30  Marauder  
  152  18:32  Marine  
  152  18:33  Marauder  
  152  18:34  Marine x2, Widow Mine x2  
  150  18:38  Marine  
  146  18:42  Marine  
  146  18:43  Marine  
  146  18:45  Marine  
  146  18:47  Marine  
  115  18:49  Ghost  
  115  18:51  Marine x2  
  115  18:54  Marauder  
  114  18:58  Planetary Fortress  
  114  19:06  Ghost  
  114  19:07  Marine  
  114  19:08  Marine  
  118  19:12  Ghost  
  118  19:13  Marine x2  
  122  19:17  Marine x2  
  122  19:18  Marauder  
  122  19:22  Marauder  
  128  19:28  Marine  
  128  19:29  Marine  
  130  19:32  Marine  
  130  19:33  Marine  
  130  19:35  Marine x2, Marauder  
  117  19:39  Marine  
  117  19:40  Marine  
  96  19:45  Marauder  
  96  19:46  Marine  
  96  19:47  Marine  
  96  19:50  Marine  
  96  19:51  Marine  
  94  19:53  Marine x2  
  94  19:56  Marine  
  94  19:57  Marauder  
  94  19:59  Marauder  
  101  20:04  Marine  
  101  20:05  Marine  
  103  20:07  Marauder  
  103  20:08  Marine  
  103  20:09  Marine  
  103  20:11  Marine x2  
  98  20:14  Marine  
  98  20:18  Marauder  
  98  20:20  Marine  
  102  20:22  Marine  
  102  20:24  Marine  
Tags
 
Add a new tag
Caveats
  • Supply blocks, unpowered buildings, or Contaminate may cause inaccurate times.
  • Supply counts are checked every 10 seconds.